Ice Hogs vs Barons

Created - Tuesday, January 06, 2015 at 00:45

Goals
1 2 3 OT1 SO T
Ice Hogs 1 0 0 0 2 2
Barons 0 0 1 0 0 1
Shots
1 2 3 OT1 SO T
Ice Hogs 10 8 16 0 3 34
Barons 3 4 18 1 2 26

1st period

1. Ice Hogs , Brandon Pirri 28 (J.T. Miller, Tanner Pearson) at 13:58

Penalties :
Ryan Stanton (OKC) for Cross-checking (Minor) at 3:42, Andy Miele (OKC) for Hooking (Minor) at 8:08, J.T. Miller (RIH) for Hooking (Minor) at 16:55

2nd period

No Goal

Penalties :
No Penalty

3rd period

2. Barons , Ryan Stanton 6 (Brad Hunt, Saku Koivu) at 3:20

Penalties :
No Penalty

Overtime #1

No Goal

Penalties :
No Penalty

Shootout

Penalty Shot by Casey Wellman for Ice Hogs - Goal!
Penalty Shot by Saku Koivu for Barons - Stopped by Scott Darling
Penalty Shot by Derek Roy for Ice Hogs - Stopped by Ray Emery
Penalty Shot by Devin Setoguchi for Barons - Stopped by Scott Darling
Penalty Shot by Travis Morin for Ice Hogs - Goal!

Penalties :
No Penalty

Goalie Stats

Scott Darling (RIH), 25 saves from 26 shots - (0.962), W, 36-1-5, 65:00 minutes
Ray Emery (OKC), 33 saves from 34 shots - (0.971), OTL, 32-3-6, 65:00 minutes

Players Stats for Ice Hogs

Player Name              G  A  P  +/- PIM S  H  SB GA TA FO     MP     PP MP  PK MP  
------------------------------------------------------------------------------------
Blake Kessel             0  0  0   1  0   0  0  0  0  0  0/0     8:33   0:18   0:00 
Brandon Gormley          0  0  0  -1  0   0  3  0  0  1  0/0    29:11   2:14   0:57 
Brandon Pirri            1  0  1   0  0   3  0  1  3  2  6/12   19:36   1:57   0:00 
Casey Wellman            0  0  0   0  0   3  1  0  0  1  0/0    18:41   2:01   0:00 
Chay Genoway             0  0  0   0  0   2  0  0  0  2  0/0    28:30   1:26   1:02 
Derek Roy                0  0  0   0  0   5  2  0  5  0  6/8    22:03   2:01   0:00 
Dustin Jeffrey           0  0  0   0  0   1  0  0  2  0  0/1    14:52   0:00   0:00 
J.T. Miller              0  1  1   0  2   1  4  0  2  0  0/0    18:54   1:57   0:00 
Jason Garrison           0  0  0   1  0   3  3  5  6  5  0/0    29:42   1:44   1:02 
Johan Larsson            0  0  0   0  0   7  2  0  1  1  9/12   17:18   0:00   0:49 
Mathieu Brodeur          0  0  0   0  0   0  0  0  0  0  0/0     3:57   0:00   0:00 
Michael Bournival        0  0  0   0  0   2  0  0  1  0  0/0     2:12   0:00   0:00 
Oscar Lindberg           0  0  0   0  0   0  0  0  0  0  0/0     0:46   0:00   0:00 
Roman Horak              0  0  0   0  0   4  0  2  4  0  0/1    22:02   0:00   0:49 
Seth Griffith            0  0  0   0  0   1  2  2  1  0  1/1    19:34   0:00   1:10 
Tanner Pearson           0  1  1   0  0   1  5  0  1  2  0/0    18:54   1:57   0:00 
Travis Morin             0  0  0   0  0   1  2  0  0  0  2/9    14:12   2:01   1:10 
Zach Redmond             0  0  0  -1  0   0  3  2  1  2  0/0    29:03   2:14   0:57 

Players Stats for Barons

Player Name              G  A  P  +/- PIM S  H  SB GA TA FO     MP     PP MP  PK MP  
------------------------------------------------------------------------------------
Andy Miele               0  0  0  -1  2   2  3  0  0  0  3/11   16:04   0:00   0:32 
Brad Hunt                0  1  1   1  0   0  1  2  0  1  0/0    26:52   0:45   2:58 
Chris Porter             0  0  0   0  0   3  1  1  1  0  0/0    12:03   0:00   1:11 
Chuck Kobasew            0  0  0  -1  0   1  0  2  2  2  0/0    15:27   0:00   0:00 
David Kolomatis          0  0  0   0  0   0  1  2  0  0  0/0    23:01   1:14   1:36 
David Musil              0  0  0   0  0   0  2  1  0  1  0/0    22:25   1:14   1:00 
Devin Setoguchi          0  0  0   1  0   4  1  1  4  0  1/2    18:45   0:50   0:00 
John Negrin              0  0  0  -1  0   0  1  1  0  0  0/0    16:36   0:00   0:53 
Kris Newbury             0  0  0   0  0   1  0  2  1  2  0/3     9:23   0:00   0:00 
Reid Boucher             0  0  0   1  0   5  3  1  0  1  0/0    16:29   0:50   0:00 
Ryan Spooner             0  0  0   0  0   0  1  1  1  1  8/11   15:47   1:09   0:00 
Ryan Stanton             1  0  1   1  2   2  2  6  2  4  0/0    25:34   0:45   1:29 
Saku Koivu               0  1  1   1  0   2  1  0  5  2  8/17   21:02   0:50   2:15 
Shawn Thornton           0  0  0   0  0   2  1  0  2  1  0/0     9:23   0:00   0:00 
Steve Bernier            0  0  0   0  0   0  1  1  1  0  0/0    15:47   1:09   0:00 
Teemu Pulkkinen          0  0  0  -1  0   1  2  0  3  0  0/0    17:08   0:00   1:26 
Tommy Cross              0  0  0  -1  0   3  0  1  0  1  0/0    15:43   0:00   0:00 
Torrey Mitchell          0  0  0   0  0   0  1  0  0  1  0/0    18:31   1:09   2:32 

3 Stars

1 - Ray Emery (OKC)
2 - Scott Darling (RIH)
3 - Ryan Stanton (OKC)

Power Play

Ice Hogs - 0 on 2 Attempt(s) - 0.00%
Barons - 0 on 1 Attempt(s) - 0.00%

Penalty Kill

Ice Hogs - 1 on 1 Attempt(s) - 100.00% - Score 0 goal in Penalty Kill
Barons - 2 on 2 Attempt(s) - 100.00% - Score 0 goal in Penalty Kill

Team Stat

Ice Hogs - Hits : 27 - Faceoff Wins : 24 - Blocked Shots : 12 - Penalty Minutes : 2
Barons - Hits : 22 - Faceoff Wins : 20 - Blocked Shots : 22 - Penalty Minutes : 4

Official

Referees : Unknown
Linesman : Unknown

Game Notes

No Game Note

Finance

Level 1 -- Attendance: 1516 (75.80%) -- Ticket Income $60,640
Level 2 -- Attendance: 688 (68.80%) -- Ticket Income $13,760
Total Attendance: 2204 (73.47%)
Total Ticket Income: $74,400
Other Income: $36,456
Total Income: $110,856

Ice Hogs

5 vs 5 Forward 
   Center                   Left Wing                Right Wing               Time % Phy DF OF 
 1 Brandon Pirri            Tanner Pearson           J.T. Miller              30     0   2  3  
 2 Derek Roy                Dustin Jeffrey           Casey Wellman            25     0   2  3  
 3 Johan Larsson            Roman Horak              Seth Griffith            25     1   2  2  
 4 Travis Morin             Derek Roy                Roman Horak              20     1   2  2  

5 vs 5 Defense 
   Defense                  Defense                                           Time % Phy DF OF 
 1 Jason Garrison           Chay Genoway                                      30     1   2  2  
 2 Brandon Gormley          Zach Redmond                                      30     1   2  2  
 3 Zach Redmond             Brandon Gormley                                   30     1   2  2  
 4 Jason Garrison           Chay Genoway                                      10     1   2  2  

PowerPlay Forward 
   Center                   Left Wing                Right Wing               Time % Phy DF OF 
 1 Brandon Pirri            Tanner Pearson           J.T. Miller              50     0   1  4  
 2 Travis Morin             Derek Roy                Casey Wellman            50     0   1  4  

PowerPlay Defense
   Defense                  Defense                                           Time % Phy DF OF 
 1 Jason Garrison           Chay Genoway                                      50     0   1  4  
 2 Zach Redmond             Brandon Gormley                                   50     0   1  4  

Penalty Kill 4 Players Forward 
   Center                   Wing                     Time % Phy DF OF 
 1 Johan Larsson            Roman Horak              50     1   3  1  
 2 Travis Morin             Seth Griffith            50     1   3  1  

Penalty Kill 4 Players Defense
   Defense                  Defense                  Time % Phy DF OF 
 1 Jason Garrison           Chay Genoway             50     1   4  0  
 2 Brandon Gormley          Zach Redmond             50     1   4  0  

Penalty Kill - 3 Players Forward 
   Forward                                           Time % Phy DF OF 
 1 Johan Larsson                                     50     1   4  0  
 2 Travis Morin                                      50     1   4  0  

Penalty Kill - 3 Players Defense
   Defense                  Defense                  Time % Phy DF OF 
 1 Jason Garrison           Chay Genoway             50     1   4  0  
 2 Brandon Gormley          Zach Redmond             50     1   4  0  

4 vs 4 Forward 
   Center                   Wing                     Time % Phy DF OF 
 1 Travis Morin             Seth Griffith            50     1   2  2  
 2 Derek Roy                Casey Wellman            50     1   2  2  

4 vs 4 Defense
   Defense                  Defense                  Time % Phy DF OF 
 1 Jason Garrison           Chay Genoway             50     1   2  2  
 2 Zach Redmond             Brandon Gormley          50     1   2  2  

Last Minutes Offensive
   Center                   Left Wing                Right Wing               Defense                  Defense                  
   Brandon Pirri            Derek Roy                J.T. Miller              Jason Garrison           Chay Genoway             

Last Minutes Defensive
   Center                   Left Wing                Right Wing               Defense                  Defense                  
   Johan Larsson            Roman Horak              Seth Griffith            Jason Garrison           Brandon Gormley          

Goaltenders
Starting : Scott Darling            
Backup : Farm Player86            

Extra Forwards
Normal : Travis Morin, Brandon Pirri, Seth Griffith - PP : Travis Morin, Seth Griffith - PK : Casey Wellman
Extra Defensemen
Normal : Chay Genoway, Brandon Gormley, Jason Garrison - PP : Jason Garrison - PK : Jason Garrison, Chay Genoway
Penalty Shots
Casey Wellman, Derek Roy, Travis Morin, Roman Horak, Brandon Pirri

Barons

5 vs 5 Forward 
   Center                   Left Wing                Right Wing               Time % Phy DF OF 
 1 Saku Koivu               Reid Boucher             Devin Setoguchi          35     0   1  4  
 2 Ryan Spooner             Steve Bernier            Torrey Mitchell          30     0   1  4  
 3 Andy Miele               Teemu Pulkkinen          Chuck Kobasew            22     0   1  4  
 4 Kris Newbury             Chris Porter             Shawn Thornton           13     0   1  4  

5 vs 5 Defense 
   Defense                  Defense                                           Time % Phy DF OF 
 1 Ryan Stanton             Brad Hunt                                         35     1   2  2  
 2 David Kolomatis          David Musil                                       30     1   2  2  
 3 Tommy Cross              John Negrin                                       22     1   2  2  
 4 Ryan Stanton             Brad Hunt                                         13     1   2  2  

PowerPlay Forward 
   Center                   Left Wing                Right Wing               Time % Phy DF OF 
 1 Saku Koivu               Reid Boucher             Devin Setoguchi          50     0   1  4  
 2 Ryan Spooner             Steve Bernier            Torrey Mitchell          50     0   1  4  

PowerPlay Defense
   Defense                  Defense                                           Time % Phy DF OF 
 1 Ryan Stanton             Brad Hunt                                         60     1   2  2  
 2 David Kolomatis          David Musil                                       40     1   2  2  

Penalty Kill 4 Players Forward 
   Center                   Wing                     Time % Phy DF OF 
 1 Saku Koivu               Torrey Mitchell          60     1   2  2  
 2 Andy Miele               Teemu Pulkkinen          40     1   3  1  

Penalty Kill 4 Players Defense
   Defense                  Defense                  Time % Phy DF OF 
 1 Ryan Stanton             Brad Hunt                60     1   2  2  
 2 David Kolomatis          David Musil              40     1   2  2  

Penalty Kill - 3 Players Forward 
   Forward                                           Time % Phy DF OF 
 1 Saku Koivu                                        50     1   2  2  
 2 Andy Miele                                        50     1   2  2  

Penalty Kill - 3 Players Defense
   Defense                  Defense                  Time % Phy DF OF 
 1 Ryan Stanton             Brad Hunt                60     1   2  2  
 2 David Kolomatis          David Musil              40     1   2  2  

4 vs 4 Forward 
   Center                   Wing                     Time % Phy DF OF 
 1 Saku Koivu               Devin Setoguchi          60     0   1  4  
 2 Ryan Spooner             Chuck Kobasew            40     0   1  4  

4 vs 4 Defense
   Defense                  Defense                  Time % Phy DF OF 
 1 Ryan Stanton             Brad Hunt                60     1   2  2  
 2 David Kolomatis          David Musil              40     1   2  2  

Last Minutes Offensive
   Center                   Left Wing                Right Wing               Defense                  Defense                  
   Saku Koivu               Ryan Spooner             Devin Setoguchi          Ryan Stanton             Torrey Mitchell          

Last Minutes Defensive
   Center                   Left Wing                Right Wing               Defense                  Defense                  
   Saku Koivu               Teemu Pulkkinen          Torrey Mitchell          Ryan Stanton             Brad Hunt                

Goaltenders
Starting : Ray Emery                
Backup : Mike Lee                 

Extra Forwards
Normal : Chuck Kobasew, Andy Miele, Teemu Pulkkinen - PP : Chuck Kobasew, Teemu Pulkkinen - PK : Torrey Mitchell
Extra Defensemen
Normal : Tommy Cross, John Negrin, David Kolomatis - PP : Tommy Cross - PK : John Negrin, David Kolomatis
Penalty Shots
Saku Koivu, Devin Setoguchi, Steve Bernier, Torrey Mitchell, Teemu Pulkkinen

% Time on Ice - Ice Hogs

Lines # - Real PCT - Wanted PCT - Time Play
Normal Forward
1 - 31% - 30% - 16:57
2 - 26% - 25% - 13:58
3 - 28% - 25% - 15:21
4 - 14% - 20% - 7:47
Normal Defense
1 - 36% - 30% - 19:12
2 - 28% - 30% - 15:06
3 - 25% - 30% - 13:46
4 - 11% - 10% - 5:59
PP Forward
1 - 49% - 50% - 1:57
2 - 51% - 50% - 2:01
PP Defense
1 - 44% - 50% - 1:44
2 - 56% - 50% - 2:14
PK Forward
1 - 41% - 50% - 0:49
2 - 59% - 50% - 1:10
PK Defense
1 - 52% - 50% - 1:02
2 - 48% - 50% - 0:57
PK3 Forward
1 - 0% - 50%
2 - 0% - 50%
PK3 Defense
1 - 0% - 50%
2 - 0% - 50%
44 Forward
1 - 47% - 50% - 2:21
2 - 53% - 50% - 2:39
44 Defense
1 - 53% - 50% - 2:38
2 - 47% - 50% - 2:22
Last Minute Offensive  - 0:00
Last Minute Defensive  - 0:00
Total
Forward - 65:00
Defense - 65:00

% Time on Ice - Barons

Lines # - Real PCT - Wanted PCT - Time Play
Normal Forward
1 - 29% - 35% - 15:51
2 - 27% - 30% - 14:50
3 - 26% - 22% - 13:59
4 - 17% - 13% - 9:23
Normal Defense
1 - 29% - 35% - 15:49
2 - 34% - 30% - 18:08
3 - 29% - 22% - 15:43
4 - 8% - 13% - 4:23
PP Forward
1 - 42% - 50% - 0:50
2 - 58% - 50% - 1:09
PP Defense
1 - 38% - 60% - 0:45
2 - 62% - 40% - 1:14
PK Forward
1 - 64% - 60% - 2:32
2 - 36% - 40% - 1:26
PK Defense
1 - 75% - 60% - 2:58
2 - 25% - 40% - 1:00
PK3 Forward
1 - 0% - 50%
2 - 0% - 50%
PK3 Defense
1 - 0% - 60%
2 - 0% - 40%
44 Forward
1 - 100% - 60% - 5:00
2 - 0% - 40% - 0:00
44 Defense
1 - 59% - 60% - 2:57
2 - 41% - 40% - 2:03
Last Minute Offensive  - 0:00
Last Minute Defensive  - 0:00
Total
Forward - 65:00
Defense - 65:00

Play by Play

1st period


0:01 of 1st period - Saku Koivu wins face-off versus Brandon Pirri in neutral zone.
0:04 of 1st period - Jason Garrison is hit by Reid Boucher and loses puck.
0:59 of 1st period - Casey Wellman is hit by Brad Hunt and loses puck.
2:26 of 1st period - Slapshot by Chris Porter.
2:26 of 1st period - Shot Misses the Net.
2:54 of 1st period - Snap shot by J.T. Miller.
2:54 of 1st period - Shot Blocked by Devin Setoguchi.
3:13 of 1st period - Saku Koivu is hit by J.T. Miller and loses puck.
3:42 of 1st period - Minor Penalty to Ryan Stanton for Cross-checking.
3:43 of 1st period - Saku Koivu wins face-off versus Travis Morin in Barons zone.
3:54 of 1st period - Slapshot by Jason Garrison.
3:54 of 1st period - Deflect By Derek Roy.
3:54 of 1st period - Stopped by Ray Emery with a rebound.
4:17 of 1st period - Brad Hunt is hit by Tanner Pearson and loses puck.
4:46 of 1st period - Zach Redmond is hit by John Negrin.
5:31 of 1st period - David Musil is hit by Casey Wellman and loses puck.
5:42 of 1st period - Penalty to Ryan Stanton is over, Ryan Stanton is back on ice.
5:42 of 1st period - Wrist shot by Travis Morin.
5:42 of 1st period - Stopped by Ray Emery with a rebound.
5:44 of 1st period - Slapshot by Jason Garrison.
5:44 of 1st period - Shot Blocked by Ryan Stanton.
5:53 of 1st period - Off-side.
5:54 of 1st period - Johan Larsson wins face-off versus Andy Miele in neutral zone.
6:07 of 1st period - Seth Griffith is hit by Andy Miele and loses puck.
6:16 of 1st period - Ryan Stanton is hit by Johan Larsson and loses puck.
6:25 of 1st period - Johan Larsson is hit by Andy Miele.
6:39 of 1st period - Off-side.
6:40 of 1st period - Brandon Pirri wins face-off versus Kris Newbury in neutral zone.
7:03 of 1st period - Snap shot by Derek Roy.
7:03 of 1st period - Shot Blocked by Kris Newbury.
7:05 of 1st period - Wrist shot by Brandon Gormley.
7:05 of 1st period - Shot Misses the Net.
7:07 of 1st period - Snap shot by Travis Morin.
7:07 of 1st period - Shot Misses the Net.
7:09 of 1st period - Slapshot by Chay Genoway.
7:09 of 1st period - Deflect By Kris Newbury.
7:09 of 1st period - Stopped by Ray Emery with a rebound.
7:11 of 1st period - Snap shot by Derek Roy.
7:11 of 1st period - Shot Misses the Net.
7:13 of 1st period - Slapshot by Jason Garrison.
7:13 of 1st period - Stopped by Ray Emery with a rebound.
7:50 of 1st period - Wrist shot by Devin Setoguchi.
7:50 of 1st period - Shot Misses the Net.
8:08 of 1st period - Minor Penalty to Andy Miele for Hooking.
8:09 of 1st period - Brandon Pirri wins face-off versus Saku Koivu in Barons zone.
9:43 of 1st period - Brandon Pirri is hit by David Musil and loses puck.
10:08 of 1st period - Penalty to Andy Miele is over, Andy Miele is back on ice.
10:19 of 1st period - Slapshot by Johan Larsson.
10:19 of 1st period - Stopped by Ray Emery without a rebound.
10:20 of 1st period - Johan Larsson wins face-off versus Andy Miele in Barons zone.
10:37 of 1st period - Slapshot by Roman Horak.
10:37 of 1st period - Deflect By Seth Griffith.
10:37 of 1st period - Shot Blocked by John Negrin.
10:37 of 1st period - Puck is out of play.
10:38 of 1st period - Derek Roy wins face-off versus Andy Miele in Barons zone.
10:49 of 1st period - Wrist shot by Derek Roy.
10:49 of 1st period - Shot Blocked by Chuck Kobasew.
11:21 of 1st period - Roman Horak is hit by Torrey Mitchell.
11:27 of 1st period - Seth Griffith is hit by Steve Bernier and loses puck.
11:44 of 1st period - Wrist shot by Reid Boucher.
11:44 of 1st period - Stopped by Scott Darling with a rebound.
12:17 of 1st period - Jason Garrison is hit by Shawn Thornton and loses puck.
12:42 of 1st period - Wrist shot by Dustin Jeffrey.
12:42 of 1st period - Stopped by Ray Emery with a rebound.
13:18 of 1st period - Torrey Mitchell is hit by Travis Morin and loses puck.
13:27 of 1st period - Wrist shot by Tommy Cross.
13:27 of 1st period - Deflect By Derek Roy.
13:27 of 1st period - Stopped by Scott Darling with a rebound.
13:29 of 1st period - Wrist shot by Ryan Spooner.
13:29 of 1st period - Shot Misses the Net.
13:58 of 1st period - Slapshot by Brandon Pirri.
13:58 of 1st period - Goal by Brandon Pirri - Ice Hogs : 1 - Barons : 0.
13:59 of 1st period - Devin Setoguchi wins face-off versus Derek Roy in neutral zone.
14:23 of 1st period - Snap shot by Saku Koivu.
14:23 of 1st period - Shot Misses the Net.
15:05 of 1st period - Slapshot by Andy Miele.
15:05 of 1st period - Deflect By Teemu Pulkkinen.
15:05 of 1st period - Stopped by Scott Darling without a rebound.
15:06 of 1st period - Ryan Spooner wins face-off versus Brandon Pirri in Ice Hogs zone.
15:31 of 1st period - Brad Hunt is hit by Tanner Pearson and loses puck.
15:48 of 1st period - Snap shot by Johan Larsson.
15:48 of 1st period - Shot Misses the Net.
15:50 of 1st period - Snap shot by Seth Griffith.
15:50 of 1st period - Stopped by Ray Emery with a rebound.
15:52 of 1st period - Slapshot by Blake Kessel.
15:52 of 1st period - Shot Blocked by Ryan Stanton.
15:54 of 1st period - Snap shot by Johan Larsson.
15:54 of 1st period - Stopped by Ray Emery with a rebound.
16:02 of 1st period - Snap shot by Johan Larsson.
16:02 of 1st period - Stopped by Ray Emery without a rebound.
16:03 of 1st period - Brandon Pirri wins face-off versus Saku Koivu in Barons zone.
16:10 of 1st period - Snap shot by J.T. Miller.
16:10 of 1st period - Shot Misses the Net.
16:16 of 1st period - David Kolomatis is hit by J.T. Miller and loses puck.
16:36 of 1st period - Johan Larsson is hit by Devin Setoguchi and loses puck.
16:55 of 1st period - Minor Penalty to J.T. Miller for Hooking.
16:56 of 1st period - Ryan Spooner wins face-off versus Travis Morin in Ice Hogs zone.
17:52 of 1st period - Off-side.
17:53 of 1st period - Ryan Spooner wins face-off versus Travis Morin in neutral zone.
18:16 of 1st period - Jason Garrison is hit by David Musil and loses puck.
18:34 of 1st period - Icing by Ryan Spooner.
18:35 of 1st period - Ryan Spooner wins face-off versus Travis Morin in Barons zone.
18:55 of 1st period - Penalty to J.T. Miller is over, J.T. Miller is back on ice.
19:02 of 1st period - Zach Redmond is hit by Reid Boucher and loses puck.
19:30 of 1st period - Teemu Pulkkinen is hit by J.T. Miller and loses puck.
19:45 of 1st period - Snap shot by Derek Roy.
19:45 of 1st period - Shot Blocked by Ryan Stanton.
Goals for this period are 1 for Ice Hogs vs 0 for Barons.
Shots for this period are 10 for Ice Hogs vs 3 for Barons.

2nd period


0:01 of 2nd period - Ryan Spooner wins face-off versus Travis Morin in neutral zone.
1:11 of 2nd period - Brad Hunt is hit by Jason Garrison and loses puck.
1:30 of 2nd period - Jason Garrison is hit by Ryan Stanton and loses puck.
2:27 of 2nd period - Snap shot by Andy Miele.
2:27 of 2nd period - Stopped by Scott Darling with a rebound.
2:29 of 2nd period - Slapshot by Andy Miele.
2:29 of 2nd period - Shot Misses the Net.
3:12 of 2nd period - Brandon Pirri is hit by Chris Porter and loses puck.
3:48 of 2nd period - Chris Porter is hit by Brandon Gormley and loses puck.
4:25 of 2nd period - Casey Wellman is hit by David Kolomatis and loses puck.
4:46 of 2nd period - Snap shot by Roman Horak.
4:46 of 2nd period - Stopped by Ray Emery with a rebound.
5:27 of 2nd period - Snap shot by Roman Horak.
5:27 of 2nd period - Shot Hit the Post.
5:29 of 2nd period - Backhand shot by Seth Griffith.
5:29 of 2nd period - Shot Misses the Net.
5:31 of 2nd period - Wrist shot by Johan Larsson.
5:31 of 2nd period - Stopped by Ray Emery with a rebound.
5:37 of 2nd period - Snap shot by Roman Horak.
5:37 of 2nd period - Shot Misses the Net.
5:39 of 2nd period - Slapshot by Chay Genoway.
5:39 of 2nd period - Stopped by Ray Emery with a rebound.
5:57 of 2nd period - Ryan Stanton is hit by Travis Morin and loses puck.
6:38 of 2nd period - Snap shot by Devin Setoguchi.
6:38 of 2nd period - Shot Blocked by Jason Garrison.
6:40 of 2nd period - Slapshot by Ryan Stanton.
6:40 of 2nd period - Stopped by Scott Darling with a rebound.
6:42 of 2nd period - Slapshot by Brad Hunt.
6:42 of 2nd period - Shot Blocked by Jason Garrison.
7:22 of 2nd period - Tanner Pearson is hit by Ryan Spooner and loses puck.
7:59 of 2nd period - Wrist shot by Devin Setoguchi.
7:59 of 2nd period - Stopped by Scott Darling with a rebound.
8:52 of 2nd period - Teemu Pulkkinen is hit by Brandon Gormley and loses puck.
9:05 of 2nd period - Travis Morin is hit by Teemu Pulkkinen and loses puck.
9:29 of 2nd period - Wrist shot by Saku Koivu.
9:29 of 2nd period - Shot Blocked by Seth Griffith.
11:12 of 2nd period - Snap shot by Devin Setoguchi.
11:12 of 2nd period - Stopped by Scott Darling without a rebound.
11:13 of 2nd period - Saku Koivu wins face-off versus Johan Larsson in Ice Hogs zone.
12:06 of 2nd period - Ryan Spooner is hit by Zach Redmond and loses puck.
14:15 of 2nd period - Wrist shot by Teemu Pulkkinen.
14:15 of 2nd period - Shot Blocked by Brandon Pirri.
14:41 of 2nd period - Slapshot by Johan Larsson.
14:41 of 2nd period - Stopped by Ray Emery with a rebound.
14:49 of 2nd period - Snap shot by Michael Bournival.
14:49 of 2nd period - Shot Blocked by David Kolomatis.
14:51 of 2nd period - Snap shot by Seth Griffith.
14:51 of 2nd period - Shot Blocked by David Musil.
15:05 of 2nd period - Slapshot by Jason Garrison.
15:05 of 2nd period - Shot Blocked by Steve Bernier.
15:23 of 2nd period - Snap shot by Michael Bournival.
15:23 of 2nd period - Shot Misses the Net.
15:25 of 2nd period - Snap shot by Casey Wellman.
15:25 of 2nd period - Shot Blocked by David Kolomatis.
16:28 of 2nd period - Icing by Steve Bernier.
16:29 of 2nd period - Ryan Spooner wins face-off versus Brandon Pirri in Barons zone.
16:57 of 2nd period - Snap shot by Michael Bournival.
16:57 of 2nd period - Deflect By Ryan Spooner.
16:57 of 2nd period - Stopped by Ray Emery with a rebound.
17:01 of 2nd period - Snap shot by Casey Wellman.
17:01 of 2nd period - Stopped by Ray Emery without a rebound.
17:02 of 2nd period - Johan Larsson wins face-off versus Saku Koivu in Barons zone.
17:05 of 2nd period - Wrist shot by Michael Bournival.
17:05 of 2nd period - Stopped by Ray Emery with a rebound.
17:21 of 2nd period - Slapshot by Jason Garrison.
17:21 of 2nd period - Stopped by Ray Emery without a rebound.
17:22 of 2nd period - Saku Koivu wins face-off versus Travis Morin in Barons zone.
19:27 of 2nd period - Snap shot by Roman Horak.
19:27 of 2nd period - Shot Blocked by Kris Newbury.
Goals for this period are 0 for Ice Hogs vs 0 for Barons.
Shots for this period are 8 for Ice Hogs vs 4 for Barons.

3rd period


0:01 of 3rd period - Travis Morin wins face-off versus Saku Koivu in neutral zone.
1:07 of 3rd period - Torrey Mitchell is hit by J.T. Miller and loses puck.
1:18 of 3rd period - Slapshot by Tanner Pearson.
1:18 of 3rd period - Deflect By Ryan Spooner.
1:18 of 3rd period - Stopped by Ray Emery without a rebound.
1:19 of 3rd period - Johan Larsson wins face-off versus Andy Miele in Barons zone.
1:20 of 3rd period - Slapshot by Jason Garrison.
1:20 of 3rd period - Stopped by Ray Emery without a rebound.
1:21 of 3rd period - Andy Miele wins face-off versus Johan Larsson in Barons zone.
1:32 of 3rd period - Snap shot by Chuck Kobasew.
1:32 of 3rd period - Shot Misses the Net.
2:50 of 3rd period - Ryan Stanton is hit by Zach Redmond and loses puck.
3:03 of 3rd period - Brandon Pirri is hit by Reid Boucher and loses puck.
3:14 of 3rd period - Snap shot by Saku Koivu.
3:14 of 3rd period - Stopped by Scott Darling with a rebound.
3:16 of 3rd period - Slapshot by Ryan Stanton.
3:16 of 3rd period - Shot Misses the Net.
3:18 of 3rd period - Slapshot by Brad Hunt.
3:18 of 3rd period - Shot Misses the Net.
3:20 of 3rd period - Slapshot by Ryan Stanton.
3:20 of 3rd period - Goal by Ryan Stanton - Ice Hogs : 1 - Barons : 1.
3:21 of 3rd period - Andy Miele wins face-off versus Johan Larsson in neutral zone.
3:24 of 3rd period - Wrist shot by Teemu Pulkkinen.
3:24 of 3rd period - Shot Misses the Net.
3:26 of 3rd period - Slapshot by Brad Hunt.
3:26 of 3rd period - Deflect By Teemu Pulkkinen.
3:26 of 3rd period - Shot Blocked by Jason Garrison.
3:26 of 3rd period - Puck is out of play.
3:27 of 3rd period - Johan Larsson wins face-off versus Andy Miele in Ice Hogs zone.
4:02 of 3rd period - Snap shot by Andy Miele.
4:02 of 3rd period - Shot Blocked by Roman Horak.
4:04 of 3rd period - Snap shot by Chuck Kobasew.
4:04 of 3rd period - Shot Blocked by Seth Griffith.
4:20 of 3rd period - Slapshot by Derek Roy.
4:20 of 3rd period - Stopped by Ray Emery without a rebound.
4:21 of 3rd period - Derek Roy wins face-off versus Saku Koivu in Barons zone.
5:38 of 3rd period - Wrist shot by Brandon Pirri.
5:38 of 3rd period - Stopped by Ray Emery without a rebound.
5:39 of 3rd period - Johan Larsson wins face-off versus Andy Miele in Barons zone.
5:56 of 3rd period - Wrist shot by Johan Larsson.
5:56 of 3rd period - Shot Misses the Net.
6:08 of 3rd period - Slapshot by Andy Miele.
6:08 of 3rd period - Shot Misses the Net.
6:16 of 3rd period - Teemu Pulkkinen is hit by Seth Griffith and loses puck.
6:37 of 3rd period - Snap shot by Shawn Thornton.
6:37 of 3rd period - Stopped by Scott Darling without a rebound.
6:38 of 3rd period - Brandon Pirri wins face-off versus Kris Newbury in Ice Hogs zone.
6:45 of 3rd period - Snap shot by Chris Porter.
6:45 of 3rd period - Stopped by Scott Darling with a rebound.
6:47 of 3rd period - Slapshot by Shawn Thornton.
6:47 of 3rd period - Stopped by Scott Darling with a rebound.
6:49 of 3rd period - Slapshot by Tommy Cross.
6:49 of 3rd period - Shot Blocked by Zach Redmond.
6:51 of 3rd period - Slapshot by Tommy Cross.
6:51 of 3rd period - Deflect By Tanner Pearson.
6:51 of 3rd period - Stopped by Scott Darling without a rebound.
6:52 of 3rd period - Saku Koivu wins face-off versus Derek Roy in Ice Hogs zone.
6:53 of 3rd period - Wrist shot by Devin Setoguchi.
6:53 of 3rd period - Stopped by Scott Darling with a rebound.
6:55 of 3rd period - Snap shot by Reid Boucher.
6:55 of 3rd period - Stopped by Scott Darling with a rebound.
6:57 of 3rd period - Snap shot by Reid Boucher.
6:57 of 3rd period - Shot Misses the Net.
7:17 of 3rd period - Wrist shot by Devin Setoguchi.
7:17 of 3rd period - Deflect By Casey Wellman.
7:17 of 3rd period - Shot Misses the Net.
7:17 of 3rd period - Puck is out of play.
7:18 of 3rd period - Johan Larsson wins face-off versus Ryan Spooner in Ice Hogs zone.
7:23 of 3rd period - Ryan Spooner is hit by Seth Griffith and loses puck.
7:46 of 3rd period - Snap shot by Johan Larsson.
7:46 of 3rd period - Shot Blocked by Ryan Spooner.
7:57 of 3rd period - Icing by Ryan Spooner.
7:58 of 3rd period - Brandon Pirri wins face-off versus Ryan Spooner in Barons zone.
7:59 of 3rd period - Snap shot by J.T. Miller.
7:59 of 3rd period - Stopped by Ray Emery with a rebound.
8:18 of 3rd period - Snap shot by Tanner Pearson.
8:18 of 3rd period - Shot Misses the Net.
8:52 of 3rd period - Off-side.
8:53 of 3rd period - Derek Roy wins face-off versus Andy Miele in neutral zone.
9:00 of 3rd period - Snap shot by Casey Wellman.
9:00 of 3rd period - Shot Blocked by Ryan Stanton.
9:02 of 3rd period - Snap shot by Derek Roy.
9:02 of 3rd period - Shot Misses the Net.
9:04 of 3rd period - Snap shot by Casey Wellman.
9:04 of 3rd period - Stopped by Ray Emery with a rebound.
9:06 of 3rd period - Slapshot by Zach Redmond.
9:06 of 3rd period - Shot Blocked by Brad Hunt.
9:08 of 3rd period - Wrist shot by Zach Redmond.
9:08 of 3rd period - Shot Blocked by Brad Hunt.
9:16 of 3rd period - Wrist shot by Derek Roy.
9:16 of 3rd period - Shot Misses the Net.
9:43 of 3rd period - Chuck Kobasew is hit by Johan Larsson and loses puck.
9:56 of 3rd period - Snap shot by Roman Horak.
9:56 of 3rd period - Stopped by Ray Emery without a rebound.
9:57 of 3rd period - Ryan Spooner wins face-off versus Brandon Pirri in Barons zone.
9:57 of 3rd period - Ryan Spooner is hit by Tanner Pearson.
10:24 of 3rd period - Torrey Mitchell is hit by Tanner Pearson and loses puck.
10:44 of 3rd period - Wrist shot by Derek Roy.
10:44 of 3rd period - Stopped by Ray Emery with a rebound.
10:46 of 3rd period - Snap shot by Roman Horak.
10:46 of 3rd period - Shot Misses the Net.
10:48 of 3rd period - Snap shot by Derek Roy.
10:48 of 3rd period - Shot Blocked by Tommy Cross.
10:50 of 3rd period - Slapshot by Chay Genoway.
10:50 of 3rd period - Deflect By Derek Roy.
10:50 of 3rd period - Shot Misses the Net.
10:50 of 3rd period - Puck is out of play.
10:51 of 3rd period - Saku Koivu wins face-off versus Travis Morin in Barons zone.
11:06 of 3rd period - Slapshot by Derek Roy.
11:06 of 3rd period - Stopped by Ray Emery without a rebound.
11:07 of 3rd period - Johan Larsson wins face-off versus Saku Koivu in Barons zone.
11:08 of 3rd period - Snap shot by Roman Horak.
11:08 of 3rd period - Stopped by Ray Emery with a rebound.
11:10 of 3rd period - Wrist shot by Seth Griffith.
11:10 of 3rd period - Shot Misses the Net.
11:12 of 3rd period - Slapshot by Johan Larsson.
11:12 of 3rd period - Stopped by Ray Emery without a rebound.
11:13 of 3rd period - Johan Larsson wins face-off versus Kris Newbury in Barons zone.
11:30 of 3rd period - Wrist shot by Shawn Thornton.
11:30 of 3rd period - Shot Blocked by Roman Horak.
11:44 of 3rd period - Snap shot by Chris Porter.
11:44 of 3rd period - Shot Misses the Net.
11:46 of 3rd period - Snap shot by Chris Porter.
11:46 of 3rd period - Stopped by Scott Darling with a rebound.
11:48 of 3rd period - Snap shot by Kris Newbury.
11:48 of 3rd period - Shot Blocked by Zach Redmond.
11:50 of 3rd period - Snap shot by Chris Porter.
11:50 of 3rd period - Stopped by Scott Darling without a rebound.
11:51 of 3rd period - Brandon Pirri wins face-off versus Saku Koivu in Ice Hogs zone.
11:51 of 3rd period - Brandon Pirri is hit by Saku Koivu.
11:56 of 3rd period - Off-side.
11:57 of 3rd period - Saku Koivu wins face-off versus Brandon Pirri in neutral zone.
12:02 of 3rd period - Snap shot by Reid Boucher.
12:02 of 3rd period - Stopped by Scott Darling with a rebound.
12:04 of 3rd period - Snap shot by Saku Koivu.
12:04 of 3rd period - Stopped by Scott Darling with a rebound.
12:06 of 3rd period - Slapshot by David Kolomatis.
12:06 of 3rd period - Shot Blocked by Jason Garrison.
12:08 of 3rd period - Slapshot by Saku Koivu.
12:08 of 3rd period - Deflect By Reid Boucher.
12:08 of 3rd period - Stopped by Scott Darling with a rebound.
12:10 of 3rd period - Slapshot by David Musil.
12:10 of 3rd period - Shot Misses the Net.
12:12 of 3rd period - Snap shot by Saku Koivu.
12:12 of 3rd period - Shot Misses the Net.
12:14 of 3rd period - Wrist shot by Reid Boucher.
12:14 of 3rd period - Stopped by Scott Darling with a rebound.
13:01 of 3rd period - Wrist shot by Casey Wellman.
13:01 of 3rd period - Stopped by Ray Emery with a rebound.
13:03 of 3rd period - Backhand shot by Dustin Jeffrey.
13:03 of 3rd period - Deflect By Derek Roy.
13:03 of 3rd period - Shot Misses the Net.
13:03 of 3rd period - Puck is out of play.
13:04 of 3rd period - Derek Roy wins face-off versus Andy Miele in Barons zone.
13:31 of 3rd period - Snap shot by Derek Roy.
13:31 of 3rd period - Stopped by Ray Emery with a rebound.
14:45 of 3rd period - Ryan Stanton is hit by Tanner Pearson and loses puck.
14:54 of 3rd period - Snap shot by Tanner Pearson.
14:54 of 3rd period - Deflect By Brandon Pirri.
14:54 of 3rd period - Stopped by Ray Emery with a rebound.
14:56 of 3rd period - Slapshot by Brandon Gormley.
14:56 of 3rd period - Shot Misses the Net.
14:58 of 3rd period - Snap shot by Zach Redmond.
14:58 of 3rd period - Shot Misses the Net.
15:00 of 3rd period - Slapshot by Brandon Gormley.
15:00 of 3rd period - Shot Blocked by Ryan Stanton.
15:02 of 3rd period - Slapshot by Zach Redmond.
15:02 of 3rd period - Shot Misses the Net.
15:04 of 3rd period - Slapshot by Brandon Gormley.
15:04 of 3rd period - Shot Blocked by Reid Boucher.
15:06 of 3rd period - Slapshot by Brandon Gormley.
15:06 of 3rd period - Deflect By Brandon Pirri.
15:06 of 3rd period - Shot Misses the Net.
15:06 of 3rd period - Puck is out of play.
15:07 of 3rd period - Ryan Spooner wins face-off versus Dustin Jeffrey in Barons zone.
15:24 of 3rd period - Ryan Spooner is hit by Zach Redmond and loses puck.
15:39 of 3rd period - Snap shot by Casey Wellman.
15:39 of 3rd period - Deflect By Derek Roy.
15:39 of 3rd period - Shot Misses the Net.
15:39 of 3rd period - Puck is out of play.
15:40 of 3rd period - Saku Koivu wins face-off versus Brandon Pirri in Barons zone.
15:51 of 3rd period - Slapshot by Devin Setoguchi.
15:51 of 3rd period - Stopped by Scott Darling with a rebound.
16:26 of 3rd period - Jason Garrison is hit by Teemu Pulkkinen and loses puck.
16:37 of 3rd period - Snap shot by Andy Miele.
16:37 of 3rd period - Stopped by Scott Darling with a rebound.
16:39 of 3rd period - Snap shot by Tommy Cross.
16:39 of 3rd period - Deflect By Brandon Pirri.
16:39 of 3rd period - Stopped by Scott Darling without a rebound.
16:40 of 3rd period - Andy Miele wins face-off versus Roman Horak in Ice Hogs zone.
17:08 of 3rd period - Teemu Pulkkinen is hit by Derek Roy.
17:42 of 3rd period - Snap shot by Roman Horak.
17:42 of 3rd period - Deflect By Johan Larsson.
17:42 of 3rd period - Shot Blocked by Chuck Kobasew.
17:42 of 3rd period - Puck is out of play.
17:43 of 3rd period - Derek Roy wins face-off versus Devin Setoguchi in Barons zone.
17:50 of 3rd period - Reid Boucher is hit by Jason Garrison and loses puck.
18:34 of 3rd period - Snap shot by Ryan Spooner.
18:34 of 3rd period - Shot Blocked by Jason Garrison.
18:40 of 3rd period - Snap shot by Johan Larsson.
18:40 of 3rd period - Stopped by Ray Emery with a rebound.
18:42 of 3rd period - Wrist shot by Roman Horak.
18:42 of 3rd period - Stopped by Ray Emery without a rebound.
18:43 of 3rd period - Seth Griffith wins face-off versus Ryan Spooner in Barons zone.
19:24 of 3rd period - Tommy Cross is hit by Jason Garrison.
19:38 of 3rd period - Wrist shot by Kris Newbury.
19:38 of 3rd period - Stopped by Scott Darling without a rebound.
19:39 of 3rd period - Derek Roy wins face-off versus Saku Koivu in Ice Hogs zone.
Goals for this period are 0 for Ice Hogs vs 1 for Barons.
Shots for this period are 16 for Ice Hogs vs 18 for Barons.

Overtime #1


0:01 of 1st overtime period - Travis Morin wins face-off versus Saku Koivu in neutral zone.
0:38 of 1st overtime period - Backhand shot by Jason Garrison.
0:38 of 1st overtime period - Shot Blocked by Ryan Stanton.
0:56 of 1st overtime period - Casey Wellman is hit by Ryan Stanton and loses puck.
1:54 of 1st overtime period - Chay Genoway is hit by Andy Miele and loses puck.
2:01 of 1st overtime period - Backhand shot by Chuck Kobasew.
2:01 of 1st overtime period - Stopped by Scott Darling with a rebound.
2:19 of 1st overtime period - Saku Koivu is hit by Derek Roy and loses puck.
2:48 of 1st overtime period - David Kolomatis is hit by Brandon Gormley.
4:42 of 1st overtime period - Slapshot by Jason Garrison.
4:42 of 1st overtime period - Shot Misses the Net.
4:44 of 1st overtime period - Slapshot by Jason Garrison.
4:44 of 1st overtime period - Shot Blocked by Chris Porter.
Goals for this period are 0 for Ice Hogs vs 0 for Barons.
Shots for this period are 0 for Ice Hogs vs 1 for Barons.

ShootOut


5:00 of 1st overtime period - Penalty Shot by Casey Wellman for Ice Hogs.
5:00 of 1st overtime period - Snap shot by Casey Wellman.
5:00 of 1st overtime period - Goal by Casey Wellman.
5:00 of 1st overtime period - Penalty Shot by Saku Koivu for Barons.
5:00 of 1st overtime period - Backhand shot by Saku Koivu.
5:00 of 1st overtime period - Stopped by Scott Darling.
5:00 of 1st overtime period - Penalty Shot by Derek Roy for Ice Hogs.
5:00 of 1st overtime period - Backhand shot by Derek Roy.
5:00 of 1st overtime period - Stopped by Ray Emery.
5:00 of 1st overtime period - Penalty Shot by Devin Setoguchi for Barons.
5:00 of 1st overtime period - Snap shot by Devin Setoguchi.
5:00 of 1st overtime period - Stopped by Scott Darling.
5:00 of 1st overtime period - Penalty Shot by Travis Morin for Ice Hogs.
5:00 of 1st overtime period - Backhand shot by Travis Morin.
5:00 of 1st overtime period - Goal by Travis Morin.


Output by the SimonT Hockey Simulator (STHS) for Eric Dolegowski -- Original Page W3C XHTML 1.0 Valid
Hockey Simulator - Hockey Simulation - Hockey Manager